 Dungeon Crawl Stone Soup version 0.27-a0-1105-g946c659c87 (webtiles) character file.

Game seed: 8424204057734940775

20 Gaff the Magician (level 2, -6/22 HPs)
             Began as a Djinni Earth Elementalist on Apr 28, 2021.
             Mangled by Natasha (8 damage)
             ... on level 2 of the Dungeon.
             The game lasted 00:01:48 (1367 turns).

Gaff the Magician (Djinni Earth Elementalist)       Turns: 1367, Time: 00:01:49

Health: -6/22      AC:  2    Str:  7    XL:     2   Next: 79%
Gold:   12         EV: 12    Int: 16    God:
                   SH:  0    Dex: 13

rFire    + + .     SeeInvis .   j - +2 rapier (speed)
rCold    x . .     Faith    .   (no shield)
rNeg     . . .     Spirit   .   c - +0 robe
rPois    ∞         Reflect  .   (no helmet)
rElec    .         Harm     .   (no cloak)
rCorr    .         Rampage  .   (no gloves)
Will     .....                  (boots unavailable)
Stlth    ++........             (no amulet)
HPRegen  0.07/turn              (no ring)
MPRegen  0.00/turn              (no ring)

@: flying, slowed, very slow
A: fire resistance 2, cold vulnerability 1, float, innate caster, hp casting,
extra vitality 1
a: no special abilities


You were on level 2 of the Dungeon.
You visited 1 branch of the dungeon, and saw 2 of its levels.

You collected 12 gold pieces.

Inventory:

Hand Weapons
 a - a +0 mace
 d - a +0 dagger of venom
 e - a +2 short sword of venom
 j - a +2 rapier of speed (weapon)
Missiles
 b - 30 stones
Armour
 c - a +0 robe (worn)
Jewellery
 f - a ring of wizardry
Scrolls
 i - a scroll of identify {unknown}
Potions
 g - a potion of brilliance {unknown}
 h - a potion of berserk rage {unknown}


   Skills:
 + Level 0.5 Fighting
 - Level 2.2 Dodging
 - Level 1.7 Stealth
 * Level 3.2 Spellcasting


You couldn't memorise any spells.
You knew the following spells:

 Your Spells              Type           Power      Damage    Failure   Level
a - Sandblast             Erth           26%        2d8       4%          1
b - Passwall              Tmut/Erth      10%        N/A       7%          2
c - Stone Arrow           Conj/Erth      26%        3d8       14%         3
d - Petrify               Tmut/Erth      13%        N/A       43%         4
e - Lee's Rapid Deconstr  Erth           6%         3d7*      78%         5
Your spell library was empty.

Dungeon Overview and Level Annotations

Branches:
Dungeon (1/15)

Altars:

Annotations:
D:2 Natasha


Innate Abilities, Weirdness & Mutations

You are immune to poison.
Your flesh is very heat resistant. (rF++)
You are vulnerable to cold. (rC-)
You float through the air rather than walking.
You learn spells naturally, not from books.
Your magical power is your life essence.
You have superior vitality. (+4 HP)


Message History

Press: ? - help, Dir - move target A rock wall.
* * * LOW HITPOINT WARNING * * *
You begin to meditate on the wall.
You continue meditating on the rock.
Natasha casts a spell at you. You resist with significant effort.
You continue meditating on the rock.
Natasha casts a spell at you. You resist with significant effort.
You finish merging with the rock.
You hear a zap.
Some rock shatters into small pieces.
You reach down and open the door.
Natasha stares at you and mumbles some strange words.
You feel yourself slow down.
You hear a zap.
Some rock shatters into small pieces.
There is an open door here.
You reach down and close the door.
You reach down and open the door.
Natasha opens the door.
Natasha wildly gestures.
You feel disoriented.
Casting: Passwall (safe; 7% risk of failure)
Confirm with . or Enter, or press ? or * to list all spells.
Okay, then.
Unknown command.
You hit Natasha.
Natasha is heavily wounded.
Natasha barely misses you.
You hit Natasha but do no damage.
Natasha is heavily wounded.
Natasha closely misses you. x2
You hit Natasha.
Natasha is heavily wounded.
Natasha claws you.
* * * LOW HITPOINT WARNING * * *
You hit Natasha.
Natasha is severely wounded.
Natasha claws you!
You die...

## #.# #.# #####
#######.##...#
.......#.#...# ###
.......'@h...+ ...
.......###...##.#
.....(.####..#.###
.................#
........####.###.#
........#......#
#...###h#..#.#.#
........#h...#...
#..........#.+ ...


You could see Natasha.

Vanquished Creatures
  A dart slug (D:1)
  2 endoplasms (D:1)
  2 giant cockroaches
  4 goblins (D:1)
  3 hobgoblins (D:1)
  A ball python (D:1)
  A bat (D:1)
  A rat (D:1)
15 creatures vanquished.

Notes
Turn   | Place    | Note
-------+----------+-------------------------------------------
     0 | D:1      | Gaff the Djinni Earth Elementalist began the quest for the
                  | Orb.
     0 | D:1      | Reached XP level 1. HP: 15/15 MP: 0/0
   321 | D:1      | Reached skill level 3 in Spellcasting
   487 | D:1      | Reached XP level 2. HP: 15/21 MP: 0/0
  1330 | D:1      | You are sucked into a shaft and drop 1 floor!
  1344 | D:2      | Noticed Natasha
  1367 | D:2      | Mangled by Natasha

Illustrated notes

Levels and vault maps discovered:
D:1:      dpeg_arrival_chambers_temple_mockup, layout_basic,
          hellmonk_ecumenical_altar_crossroads, serial_bayou_lagoon_b
D:2:      layout_basic, uniq_natasha, uniq_sigmund, uniq_robin

Skill      XL: |  1 |
---------------+----+-----
Spellcasting   | 3 |  3.2
Fighting       | |  0.5
Dodging        | |  2.2
Stealth        | |  1.7

Action                   || total
-------------------------++-------
Melee: Short sword       ||    38
       Mace              ||     6
       Rapier            ||     4
 Cast: Passwall          ||     1
 Stab: Sleeping          ||     1
Armor: Robe              ||     7
Dodge: Dodged            ||    24

Table legend: (Time is in decaauts)
 A = Elapsed time spent in this place.
 B = Non-inter-level travel time spent in this place.
 C = Inter-level travel time spent in this place.
 D = Time resting spent in this place.
 E = Time spent auto-exploring this place.
 F = Levels seen in this place.
 G = Mean time per level.
                   A        B        C        D        E       F      G
               +--------+--------+--------+--------+--------+-----+--------+
         Total |   1373 |   1373 |      0 |    737 |    456 |   2 |  686.5 |
       Dungeon |   1373 |   1373 |      0 |    737 |    456 |   2 |  686.5 |
               +--------+--------+--------+--------+--------+-----+--------+

Top non-repeatable levels by time:
     D:1: 1334 daAuts
     D:2: 38 daAuts
